 Dungeon Crawl Stone Soup version 0.30.1-4-g462c640d31 (webtiles) character file.

Game seed: 4963388444724135849

1742 safid the Frost Mage (level 9, -3/72 HPs)
             Began as a Merfolk Ice Elementalist on Sept 5, 2023.
             Slain by an ogre
             ... wielding a +0 giant club
              (30 damage)
             ... on level 6 of the Dungeon.
             The game lasted 00:09:37 (5255 turns).

safid the Frost Mage (Merfolk Ice Elementalist)     Turns: 5255, Time: 00:09:38

Health: -3/72      AC:  6    Str:  8    XL:     9   Next: 5%
Magic:  18/18      EV: 17    Int: 23    God:
Gold:   298        SH:  0    Dex: 15    Spells: 13/20 levels left

rFire   . . .        x - +10 broad axe of Quantum Leap {heavy, +Blink rF- Int+5 SInv}
rCold   . . .        (no shield)
rNeg    . . .        a - +0 robe
rPois   .            j - +1 helmet
rElec   .            o - +0 cloak
rCorr   .            r - +0 pair of gloves
SInv    +            (no boots)
Will    .....        (no amulet)
Stlth   ++           u - ring "Zemoirim" {rF+ EV+5 SInv}
HPRegen 0.32/turn    (no ring)
MPRegen 0.16/turn

%: no passive effects
@: no status effects
A: (nimble swimmer 2), mertail
a: Evoke Blink


You were on level 6 of the Dungeon.
You visited 2 branches of the dungeon, and saw 7 of its levels.

You collected 298 gold pieces.

Inventory:

Hand Weapons
 x - the +10 broad axe of Quantum Leap (weapon) {heavy, +Blink rF- Int+5 SInv}
   (You found it on level 5 of the Dungeon)

   Int:       It affects your intelligence (+5).
   rF:        It makes you vulnerable to fire.
   SInv:      It lets you see invisible.
   +Blink:    It lets you blink.
Armour
 a - a +0 robe (worn)
 j - a +1 helmet (worn)
 o - a +0 cloak (worn)
 r - a +0 pair of gloves (worn)
Jewellery
 u - the ring "Zemoirim" (left hand) {rF+ EV+5 SInv}
   (You found it on level 4 of the Dungeon)

   [ring of evasion]

   EV:        It affects your evasion (+5).
   rF:        It protects you from fire.
   SInv:      It lets you see invisible.
Wands
 v - a wand of flame (18)
Scrolls
 d - a scroll of magic mapping {unknown}
 e - a scroll of vulnerability {unknown}
 k - 3 scrolls of teleportation
 n - 2 scrolls of brand weapon
 p - a scroll of enchant armour {unknown}
 s - 2 scrolls of butterflies
 t - a scroll of torment {unknown}
Potions
 b - a potion of magic
 g - 2 potions of haste
 h - 2 potions of heal wounds
 i - 2 potions of flight {unknown}
 l - a potion of curing {unknown}
 m - 4 potions of lignification
 q - a potion of resistance {unknown}
 w - a potion of ambrosia {unknown}
 z - a potion of brilliance {unknown}


   Skills:
 + Level 7.0 Fighting
 - Level 2.6 Dodging
 - Level 2.1 Stealth
 + Level 6.2 Spellcasting
 + Level 8.4 Ice Magic


You had 13 spell levels left.
You knew the following spells:

 Your Spells              Type           Power      Damage    Failure   Level
a - Freeze                Ice            100%       1d10      1%          1
b - Frozen Ramparts       Ice            92%        1d14      1%          3
c - Ozocubu's Armour      Ice            46%        N/A       1%          3

Your spell library contained the following spells:

 Spells                   Type           Power      Damage    Failure   Level
 Sandblast                Erth           14%        2d6       9%          1
 Blink                    Tloc           14%        N/A       13%         2
 Lesser Beckoning         Tloc           14%        N/A       13%         2
 Momentum Strike          Conj/Tloc      14%        3d8       13%         2
 Passwall                 Tmut/Erth      5%         N/A       13%         2
 Summon Ice Beast         Ice/Summ       26%        N/A       14%         4
 Stone Arrow              Conj/Erth      14%        3d7       26%         3
 Animate Dead             Necr           7%         N/A       63%         4
 Olgreb's Toxic Radiance  Pois           7%         N/A       63%         4
 Borgnjor's Vile Clutch   Necr/Erth      3%         N/A       93%         5
 Death Channel            Necr           3%         N/A       100%        6
 Discord                  Hex            3%         N/A       100%        8
 Ignition                 Fire           3%         3d4       100%        8


Dungeon Overview and Level Annotations

Branches:
Dungeon (6/15)             Temple (1/1) D:4

Altars:
Ashenzari
Dithmenos
Elyvilon
Gozag
Hepliaklqana
Kikubaaqudgha
Makhleb
Nemelex Xobeh
Okawaru
Qazlal
Ru
Trog
Uskayaw
Wu Jian
Xom
Yredelemnul
Zin


Innate Abilities, Weirdness & Mutations

((You are very nimble when in or above water. (Stealth+, EV+, Speed+++)))
Your lower body shifts to a powerful aquatic tail in water.


Message History

The centaur hits you but does no damage.
The centaur barely misses you.
You slash the centaur!
The centaur is heavily wounded.
You barely miss the ogre. The centaur barely misses you. x2
The ogre hits you with a +0 giant club!!
* * * LOW HITPOINT WARNING * * *
The centaur misses you. The centaur completely misses you. x2
The centaur kicks you but does no damage.
The ogre closely misses you. The centaur closely misses you.
The centaur barely misses you.
Unknown command.
Unknown command.
Unknown command.
Unknown command.
You feel much better. The centaur hits you.
The centaur kicks you but does no damage.
The ogre misses you.
You barely miss the centaur.
The centaur is heavily wounded.
You slash the ogre! The centaur completely misses you.
The centaur kicks you but does no damage.
The centaur misses you.
The centaur kicks you but does no damage.
The ogre closely misses you. The centaur misses you.
The centaur closely misses you.
The centaur hits you but does no damage.
The centaur kicks you but does no damage.
You closely miss the centaur.
The centaur is heavily wounded.
You hit the ogre. The centaur hits you. The centaur kicks you.
The ogre barely misses you. The centaur barely misses you.
The centaur misses you. x2; The centaur closely misses you.
The ogre closely misses you.
Unknown command.
You slash the centaur!
You kill the centaur!
You slash the ogre! The ogre closely misses you.
The ogre hits you with a +0 giant club!!
You die...

####### #.....# #.....#
##....^# #######
####......# #.....#
#.....O)..# #.###.#
#.....)@.####.###.######
....................>...
#############...#.#..###
###.#.#..# #...#.#..#
#.#......# #.#...#..#
#.###.#..# #........#


You could see an ogre.

Vanquished Creatures
  Sigmund (D:3)
  A water moccasin (D:5)
  3 black bears
  An orc warrior (D:6)
  A centaur (D:6)
  A phantom (D:5)
  4 scorpions
  7 killer bees (D:4)
  6 hounds
  2 jellies
  2 iguanas
  3 orc wizards
  A gnoll (D:4)
  A white imp (D:5)
  2 ufetubi
  2 dart slugs
  18 orcs
  8 ball pythons
  10 bats
  5 endoplasms
  2 giant cockroaches
  3 hobgoblins
  7 jackals
  6 kobolds
  5 quokkas
  2 frilled lizards
  10 goblins
  A rat (D:2)
115 creatures vanquished.

Notes
Turn   | Place    | Note
-------+----------+-------------------------------------------
     0 | D:1      | safid the Merfolk Ice Elementalist began the quest for the
                  | Orb.
     0 | D:1      | Reached XP level 1. HP: 13/13 MP: 3/3
   137 | D:1      | Reached XP level 2. HP: 17/20 MP: 3/5
   267 | D:1      | Reached skill level 1 in Fighting
   616 | D:1      | Reached XP level 3. HP: 24/26 MP: 6/6
  1583 | D:2      | Learned a level 3 spell: Frozen Ramparts
  1711 | D:3      | Learned a level 3 spell: Ozocubu's Armour
  1735 | D:3      | Noticed a black bear
  1744 | D:3      | Killed a black bear
  1745 | D:3      | Reached skill level 5 in Ice Magic
  1745 | D:3      | Reached XP level 4. HP: 9/34 MP: 2/8
  1745 | D:3      | Reached XP level 5. HP: 11/40 MP: 2/9
  1919 | D:3      | Noticed Sigmund
  1935 | D:3      | Killed Sigmund
  1936 | D:3      | Reached XP level 6. HP: 17/47 MP: 4/11
  2059 | D:3      | Found a glowing silver altar of Zin.
  2206 | D:3      | Reached skill level 6 in Ice Magic
  2693 | D:4      | Reached XP level 7. HP: 51/54 MP: 9/13
  3093 | D:4      | Identified the ring "Zemoirim" {rF+ EV+5 SInv}
  3112 | D:4      | Found a burning altar of Makhleb.
  3125 | D:4      | Reached skill level 5 in Fighting
  3129 | D:4      | Reached skill level 7 in Ice Magic
  3129 | D:4      | Reached XP level 8. HP: 29/62 MP: 7/15
  3262 | D:4      | Reached skill level 5 in Spellcasting
  3357 | D:4      | Found a staircase to the Ecumenical Temple.
  3371 | Temple   | Entered the Ecumenical Temple
  3513 | D:4      | Found a hide-covered altar of Uskayaw.
  4177 | D:5      | Entered Level 5 of the Dungeon
  4192 | D:5      | Found a bloodstained altar of Trog.
  4587 | D:5      | Identified the +10 broad axe of Quantum Leap {heavy, +Blink
                  | rF- Int+5 SInv}
  4668 | D:5      | Found an iron altar of Okawaru.
  4793 | D:5      | Reached skill level 8 in Ice Magic
  5133 | D:6      | Reached XP level 9. HP: 63/71 MP: 14/18
  5255 | D:6      | Slain by an ogre

Illustrated notes

Levels and vault maps discovered:
D:1:      psy_arrival_spokes, layout_rooms, minmay_misc_feat_ornament,
          minivault_24, grunt_decor_resistance, roderic_filled_cross,
          minmay_misc_feat_cross, minmay_door_square, minmay_heptomino_h4
D:2:      minmay_wonky_spiral, layout_rooms
D:3:      layout_basic, mainiacjoe_overflow_24_doors, uniq_sigmund
D:4:      layout_layer_cave, bloody_makhleb, nicolae_uskayaw_dance_hall,
          minmay_temple_entry_tees, cheibrodos_gnoll_hut
D:5:      layout_rooms, overflow_temple_1_default, overflow_temple_1_default
D:6:      layout_basic, lemuel_coloured_pillars_altar, general_overflow_altar
Temple:   nicolae_temple_x_marks_the_god

Skill      XL: |  1  2  3  4  5  6  7  8  9 |
---------------+----------------------------+-----
Fighting       | 1 2 3 4 5 6 7 |  7.0
Spellcasting   | 3 4 6 |  6.2
Ice Magic      | 5 6 7 8 |  8.4
Dodging        | |  2.6
Stealth        | |  2.1

Action                     |  1- 3 |  4- 6 |  7- 9 || total
---------------------------+-------+-------+-------++-------
  Melee: Unarmed           |     2 |       |       ||     2
         Mace              |    73 |    50 |       ||   123
         Punch             |     1 |     2 |       ||     3
         Club              |     1 |       |       ||     1
         Hand axe          |       |    13 |    49 ||    62
         Broad axe         |       |       |    27 ||    27
   Cast: Freeze            |    28 |     3 |     6 ||    37
         Frozen Ramparts   |     1 |     6 |    19 ||    26
         Ozocubu's Armour  |       |     3 |    17 ||    20
    Use: Scroll            |       |       |     7 ||     7
         Potion            |       |       |     1 ||     1
   Stab: Sleeping          |     5 |     1 |       ||     6
 Armour: Robe              |    23 |    22 |    83 ||   128
  Dodge: Dodged            |    94 |    61 |   147 ||   302
